 Dungeon Crawl Stone Soup version 0.29-a0-551-gffc1d7fb78 (webtiles) character file.

Game seed: 15423447415736702956

13281 Armakuni the Bludgeoner (level 12, -3/106 HPs)
             Began as a Meteoran Delver on June 5, 2022.
             Slain by a molten gargoyle
             ... wielding a +0 flail
              (7 damage)
             ... in a Gauntlet.
             The game lasted 00:35:04 (7485 turns).

Armakuni the Bludgeoner (Meteoran Delver)           Turns: 7485, Time: 00:35:04

Health: -3/106     AC: 13    Str: 16    XL:     12   Next: 62%
Magic:  13/13      EV: 15    Int: 13    God:
Gold:   1875       SH:  0    Dex: 18    Spells: 11/11 levels left

rFire   . . .      SeeInvis .   a - +2 flail (drain)
rCold   . . .      Faith    .   (no shield)
rNeg    . . .      Spirit   .   g - +0 acid dragon scales
rPois   +          Reflect  .   o - +0 helmet
rElec   .          Harm     .   H - +2 cloak {rPois}
rCorr   +          Rampage  .   (no gloves)
Will    +....      NoTele   +   u - +0 pair of boots
Stlth   +.........              R - amulet of regeneration
HPRegen 1.07/turn               (no ring)
MPRegen 0.13/turn               (no ring)

@: glowing
A: sense surroundings 2, otherworldly, glowing, explore regen
a: no special abilities


You were in a Gauntlet.
You visited 3 branches of the dungeon, and saw 17 of its levels.
You also visited: Gauntlet and Volcano.

You collected 1875 gold pieces.

Inventory:

Hand Weapons
 a - a +2 flail of draining (weapon)
 b - a +0 flail of freezing
 m - a +2 rapier of flaming
 q - a +2 quarterstaff of chaos
 B - a +3 whip of electrocution
Missiles
 d - 13 poisoned darts (quivered)
 z - a boomerang
 I - 3 boomerangs of dispersal
Armour
 g - +0 acid dragon scales (worn)
 o - a +0 helmet (worn)
 u - a +0 pair of boots (worn)
 H - a +2 cloak of poison resistance (worn)
Magical Staves
 k - a staff of cold
 s - a staff of air
Jewellery
 M - the amulet of Borchua {RegenMP Str+3}
   (You found it on level 4 of the Dungeon)

   [amulet of magic regeneration]

   It increases your rate of magic regeneration.
   Str:       It affects your strength (+3).
 R - an amulet of regeneration (around neck)
Wands
 w - a wand of polymorph (3)
 D - a wand of charming (2)
 J - a wand of flame (15)
Scrolls
 c - 4 scrolls of fog
 e - 7 scrolls of fear
 r - 3 scrolls of poison
 v - a scroll of enchant armour
 y - a scroll of summoning
 E - a scroll of identify
 K - a scroll of enchant weapon
Potions
 f - 4 potions of haste
 h - a potion of magic
 j - 3 potions of brilliance
 l - 2 potions of ambrosia
 n - 2 potions of might
 p - 3 potions of mutation
 t - 6 potions of curing
 A - a potion of attraction
 C - a potion of lignification
 F - a potion of heal wounds
 G - a potion of cancellation
Miscellaneous
 x - a condenser vane


   Skills:
 - Level 10.0 Fighting
 + Level 15.9 Maces & Flails
 - Level 10.0 Throwing
 - Level 5.0 Armour
 + Level 7.2 Dodging
 - Level 3.7 Stealth
 - Level 5.0 Evocations


You had 11 spell levels left.
You didn't know any spells.
Your spell library contained the following spells:

 Spells                   Type           Power      Damage    Failure   Level
 Apportation              Tloc           0%         N/A       38%         1
 Blink                    Tloc           0%         N/A       52%         2
 Ensorcelled Hibernation  Hex/Ice        0%         N/A       52%         2
 Scorch                   Fire           0%         2d5       52%         2
 Ignite Poison            Fire/Tmut/Pois 0%         N/A       77%         3
 Lesser Beckoning         Tloc           0%         N/A       77%         3
 Mephitic Cloud           Conj/Pois/Air  0%         N/A       77%         3
 Spider Form              Tmut/Pois      0%         N/A       77%         3
 Anguish                  Hex/Necr       0%         N/A       99%         4
 Flame Wave               Conj/Fire      0%         2d4       99%         4
 Alistair's Intoxication  Tmut/Pois      0%         N/A       100%        5
 Freezing Cloud           Conj/Ice/Air   0%         6-21      100%        5
 Manifold Assault         Tloc           0%         N/A       100%        5
 Summon Cactus Giant      Summ           0%         N/A       100%        6


Dungeon Overview and Level Annotations

Branches:
Dungeon (14/15)            Temple (1/1) D:7            Lair (2/6) D:9
    Orc (0/2) D:9         Volcano (visited)         Gauntlet (1/1)
  Swamp: Lair:2-4    Shoals: Lair:2-4     Snake: Lair:2-4    Spider: Lair:2-4
 Vaults: D:13-14

Altars:
Ashenzari
Cheibriados
Fedhas
Gozag
Hepliaklqana
Kikubaaqudgha
Makhleb
Nemelex Xobeh
Okawaru
Qazlal
Ru
Sif Muna
Trog
Uskayaw
Vehumet
Wu Jian
Xom
Yredelemnul
Zin
The Shining One

Annotations:
D:6 exclusion: statue Gauntlet 10 transporters, exclusion: obsidian statue


Innate Abilities, Weirdness & Mutations

You passively map the area around you.
You are easily found by Zot.
You glow in the dark.
You regain HP and MP as you explore.


Message History

The catoblepas is lightly wounded.
The molten gargoyle hits your gargoyle with a +0 flail!
Your gargoyle is engulfed in flames!
Your gargoyle is destroyed!
The catoblepas struggles against the net.
You hit the catoblepas.
The catoblepas is lightly wounded.
You sock the catoblepas! You drain the catoblepas.
The catoblepas is moderately wounded.
The catoblepas struggles against the net.
You sock the catoblepas! You drain the catoblepas.
The catoblepas is heavily wounded.
The catoblepas struggles against the net.
You hit the catoblepas but do no damage.
You drain the catoblepas.
The catoblepas is heavily wounded.
You sock the catoblepas! You drain the catoblepas.
The catoblepas is severely wounded.
The molten gargoyle blasts magma at you!
The bolt of magma hits you!!
The catoblepas struggles against the net.
The net rips apart, and the catoblepas comes free!
The death yak bellows!
You hit the catoblepas but do no damage.
The catoblepas is severely wounded.
The catoblepas barely misses you.
The molten gargoyle hits you with a +0 flail!
You are engulfed in flames!
You barely miss the catoblepas.
The catoblepas is severely wounded.
The molten gargoyle blasts magma at you!
The bolt of magma hits you!! The catoblepas gores you!
* * * LOW HITPOINT WARNING * * *
The catoblepas attacks as you move away!
The catoblepas gores you!
* * * LOW HITPOINT WARNING * * *
The molten gargoyle hits you with a +0 flail!!
* * * LOW HITPOINT WARNING * * *
You are engulfed in flames!
You die...

...#.#.#!.^.≈....#.#.#YY.)©....#
. ..#.#.#≈§§§≈.≈§§#.#.#Y#.....#.#
.##.#.#.#..§§.§≈§.#.#.#Y##...##.#
#..##.#.#[≈^≈≈....#.#.#..#####..#
....#.#©#©.^≈..≈§.#©#.#Y...©....#
#..##.###..^≈≈.≈§§###.#w.##.##..#
###h#...#≈.≈..≈)§§#...#.##...##.#
○#Eh#...#^≈≈§.Y9§.#...#.#.....#.#
EEEh#...#:...≈§©@.#...#.........#
#####...###########...###########
......≈.............≈......©.....
.....≈8≈...........≈8≈........∩..
......≈.............≈......©.....
#####...###########...###########
$...#...#.....YYYY#...#.553.....#
..#.#...#.##.##Y#Y#...#...###...#
##^.#...#Y.#......#...#....#....#


You could see 6 death yaks, a catoblepas (drained), 3 elephants, a torpor snail
and a molten gargoyle.

Vanquished Creatures
  A hydra (D:11)
  A centaur warrior (D:13)
  A hell hog (Volcano)
  A fire crab (Volcano)
  Pikel (D:5)
  An elephant (Gauntlet)
  Maurice (D:9)
  A kobold demonologist (D:9)
  2 hornets
  2 trolls
  A slime creature (D:13)
  A wraith (D:10)
  A shadow (D:12)
  A wyvern (D:9)
  16 yaks
  9 fire bats (Volcano)
  2 steam dragons
  An acid dragon (D:9)
  4 water moccasins
  5 hell hounds
  2 sky beasts
  A black bear (D:6)
  3 ice beasts
  4 ogres
  4 centaurs
  4 wolves (D:9)
  A kobold brigand (D:9)
  A bullfrog (D:9)
  4 necrophages
  2 scorpions (D:5)
  A gnoll sergeant (D:8)
  3 killer bees (D:9)
  An electric eel (D:9)
  A howler monkey (D:9)
  5 lava snakes (Volcano)
  A jelly (D:6)
  A gnoll shaman (D:6)
  3 hounds
  Crazy Yiuf (D:2)
  An orc priest (D:5)
  Jessica (D:3)
  An iguana (D:6)
  5 orc wizards
  Robin (D:2)
  12 gnolls
  10 adders
  A shadow imp (D:7)
  An ufetubus (D:6)
  7 worms
  4 dart slugs
  15 orcs
  5 ball pythons
  3 endoplasms
  3 giant cockroaches
  11 goblins
  9 hobgoblins
  7 kobolds
  3 quokkas
  5 bats
  A frilled lizard (D:2)
  11 rats
213 creatures vanquished.

Vanquished Creatures (collateral kills)
  A yak (D:9)
  A hound (D:9)
  An adder (D:6)
3 creatures vanquished.

Vanquished Creatures (others)
  A gargoyle (Gauntlet)
  A yak (D:9)
  2 hounds (D:9)
  3 fungi (Gauntlet)
  10 plants (Gauntlet)
17 creatures vanquished.

Grand Total: 233 creatures vanquished

Notes
Turn   | Place    | Note
-------+----------+-------------------------------------------
     0 | D:5      | Armakuni the Meteoran Delver began the quest for the Orb.
     0 | D:5      | Reached XP level 1. HP: 19/19 MP: 2/2
   115 | D:5      | Noticed a lemure
   150 | D:6      | Reached skill level 3 in Maces & Flails
   150 | D:6      | Reached XP level 2. HP: 11/26 MP: 3/3
   218 | D:6      | Found a radiant altar of Vehumet.
   263 | D:5      | Noticed a necrophage
   288 | D:6      | Noticed a charred statue
   348 | D:6      | Reached XP level 3. HP: 21/33 MP: 4/4
   353 | D:6      | Noticed a black bear
   399 | D:5      | Noticed a necrophage
   550 | D:5      | Noticed a lemure
   550 | D:5      | Noticed a necrophage
   559 | D:5      | Noticed a scorpion
   560 | D:5      | Noticed an ogre
   606 | D:4      | Identified the amulet of Borchua {RegenMP Str+3}
   644 | D:4      | Reached skill level 4 in Maces & Flails
   682 | D:4      | Noticed a scorpion
   826 | D:3      | Reached XP level 4. HP: 40/40 MP: 5/5
   886 | D:3      | Noticed Jessica
   903 | D:3      | Killed Jessica
   960 | D:2      | Reached XP level 5. HP: 40/47 MP: 6/6
  1076 | D:1      | Identified a scroll of acquirement
  1076 | D:1      | Acquired 1194 gold pieces
  1566 | D:2      | Reached skill level 5 in Maces & Flails
  1580 | D:2      | Reached skill level 5 in Fighting
  1800 | D:2      | Noticed Robin
  1825 | D:2      | Killed Robin
  1826 | D:2      | Reached skill level 1 in Armour
  2042 | D:2      | Reached XP level 6. HP: 45/56 MP: 7/7
  2057 | D:2      | Identified the +4 falchion of Foul Odours {protect, Str+2
                  | Int+2}
  2317 | D:2      | Found a runed translucent door.
  2318 | D:2      | Noticed Crazy Yiuf
  2325 | D:2      | Killed Crazy Yiuf
  3144 | D:4      | Reached XP level 7. HP: 32/61 MP: 8/8
  3254 | D:5      | Reached skill level 5 in Dodging
  3360 | D:4      | You fall into a shaft and drop 1 floor!
  3383 | D:5      | Reached skill level 5 in Armour
  3385 | D:5      | Reached skill level 1 in Throwing
  3415 | D:5      | Reached XP level 8. HP: 41/68 MP: 9/9
  3516 | D:5      | Reached skill level 1 in Evocations
  3578 | D:5      | Noticed Pikel
  3603 | D:5      | Killed Pikel
  3604 | D:5      | Reached skill level 5 in Throwing
  3604 | D:5      | Reached skill level 5 in Evocations
  3604 | D:5      | Gained mutation: You passively map the area around you.
                  | [Meteoran growth]
  3604 | D:5      | Reached XP level 9. HP: 35/74 MP: 10/10
  3863 | D:6      | Reached skill level 6 in Maces & Flails
  3909 | D:7      | Found an ornate altar of the Wu Jian Council.
  4054 | D:6      | Found a basalt altar of Yredelemnul.
  4059 | D:6      | Found a shimmering altar of Xom.
  4059 | D:6      | Found a sacrificial altar of Ru.
  4070 | D:6      | Found a shimmering blue altar of Sif Muna.
  4074 | D:6      | Found a hazy altar of Hepliaklqana.
  4225 | D:6      | Reached skill level 7 in Maces & Flails
  4359 | D:6      | Reached skill level 8 in Maces & Flails
  4362 | D:6      | Found a blossoming altar of Fedhas.
  4508 | D:8      | Noticed a hornet
  4518 | D:8      | Killed a hornet
  4519 | D:8      | Reached skill level 9 in Maces & Flails
  4519 | D:8      | Reached XP level 10. HP: 79/88 MP: 11/11
  4734 | D:9      | Reached skill level 10 in Maces & Flails
  4754 | D:10     | Entered Level 10 of the Dungeon
  4773 | D:9      | Noticed a kobold demonologist
  4775 | D:9      | Noticed an orange demon
  4778 | D:9      | Killed a kobold demonologist
  4818 | D:9      | Reached skill level 11 in Maces & Flails
  5018 | D:8      | Reached skill level 10 in Fighting
  5447 | D:7      | Found a staircase to the Ecumenical Temple.
  5456 | Temple   | Entered the Ecumenical Temple
  5657 | D:11     | Reached XP level 11. HP: 87/99 MP: 12/12
  5664 | D:11     | Reached skill level 12 in Maces & Flails
  5743 | D:9      | Noticed Maurice
  5760 | D:9      | Killed Maurice
  5828 | D:9      | Reached skill level 13 in Maces & Flails
  5904 | D:9      | Found a staircase to the Lair.
  6017 | Lair:1   | Entered Level 1 of the Lair of Beasts
  6065 | Lair:1   | Found a dark tunnel.
  6072 | Volcano  | Entered a volcano
  6188 | Volcano  | Noticed a hell hog
  6188 | Volcano  | Noticed a fire crab
  6200 | Volcano  | Reached skill level 14 in Maces & Flails
  6209 | Volcano  | Killed a hell hog
  6209 | Volcano  | Killed a fire crab
  6210 | Volcano  | Reached XP level 12. HP: 33/106 MP: 13/13
  6258 | Volcano  | Found a bloodstained altar of Trog.
  6305 | Volcano  | Found a bloodstained altar of Trog.
  6450 | D:9      | Found a staircase to the Orcish Mines.
  6564 | D:9      | Found a hide-covered altar of Uskayaw.
  6654 | D:10     | Reached skill level 10 in Throwing
  6661 | D:10     | Reached skill level 15 in Maces & Flails
  6884 | D:10     | Found a broken altar of Ashenzari.
  6963 | D:10     | Identified the +0 scale mail of the Hanged Man {*Slow +Inv
                  | rN+ Str+6}
  6993 | D:10     | Found a glowing silver altar of Zin.
  7104 | D:11     | Noticed a six-headed hydra
  7110 | D:11     | Killed a six-headed hydra
  7220 | D:13     | Noticed a centaur warrior
  7230 | D:13     | Killed a centaur warrior
  7288 | D:13     | Found a gate leading to a gauntlet.
  7298 | Gauntlet | Entered a Gauntlet
  7298 | Gauntlet | Found a transporter.
  7298 | Gauntlet | Found a transporter.
  7302 | Gauntlet | Found a transporter.
  7302 | Gauntlet | Found a transporter.
  7303 | Gauntlet | Noticed a sixfirhy
  7310 | Gauntlet | Noticed a death yak
  7311 | Gauntlet | Found a transporter.
  7311 | Gauntlet | Noticed a death yak
  7313 | Gauntlet | Noticed a death yak
  7315 | Gauntlet | Noticed a death yak
  7316 | Gauntlet | Noticed a death yak
  7317 | Gauntlet | Noticed a death yak
  7330 | Gauntlet | Found a transporter.
  7331 | Gauntlet | Found the +2 cloak of the Thief {*Fog Slay-2 SInv Stlth+}
  7340 | Gauntlet | Found a transporter.
  7340 | Gauntlet | Found a transporter.
  7340 | Gauntlet | Noticed an obsidian statue
  7344 | Gauntlet | Found a transporter.
  7346 | Gauntlet | Noticed a catoblepas
  7350 | Gauntlet | Found a transporter.
  7356 | Gauntlet | Found a transporter.
  7417 | Gauntlet | Found a transporter.
  7440 | Gauntlet | Found a transporter.
  7445 | Gauntlet | Noticed a catoblepas
  7485 | Gauntlet | HP: 4/106 [molten gargoyle/+0 flail (18)]
  7485 | Gauntlet | Slain by a molten gargoyle

Illustrated notes

Levels and vault maps discovered:
D:1:      lightli_iron_boxes, layout_rooms, dreamdust_mushroom_princess,
          minmay_tree_intersection
D:2:      layout_basic, serial_co_window_serial, co_window_paths_a,
          co_window_paths_a, co_window_paths_b, co_window_of_opportunity_a,
          co_window_paths_a, co_window_corner_a, co_window_paths_a,
          co_window_of_opportunity_a, co_window_paths_b,
          co_window_of_opportunity_b, co_window_of_opportunity_b,
          co_window_unsneaky_path_b, co_window_broadway_a, co_window_paths_c,
          co_window_broadway_b, co_window_unsneaky_path_a, glass_columns_c,
          glass_columns_b, uniq_robin, uniq_crazy_yiuf_cottage
D:3:      layout_loops_corners, grunt_ministairs_2, amcnicky_mini_pool_small,
          kennysheep_small_spiral, hex_tiny, uniq_jessica
D:4:      minmay_chambers_of_twos, layout_cave_pools, grunt_ministairs_1,
          hangedman_decor_peaks_small, lemuel_old_faithful
D:5:      layout_loops_cross, minivault_11, nicolae_wormholes, uniq_pikel
D:6:      layout_loops_cross, vehumet_statue, lemuel_tele_altar,
          minmay_overflow_temple_star_hex, minmay_starry_boxes
D:7:      layout_rooms, mainiacjoe_overflow_brackets, elyvilon_altar_5,
          minmay_temple_entry_junction
D:8:      layout_gridville
D:9:      layout_cave_pools, nicolae_uskayaw_dance_studio, erik_lair_island,
          orc_0_dummy, uniq_maurice
D:10:     layout_rooms, evilmike_ruin_ashenzari, zin_scriptorium,
          marbit_many_paths, serial_aquarium, aquarium_bridge_straight
          [aquarium_subvault_bridge, aquarium_subvault_balcony,
          aquarium_subvault_bridge, aquarium_subvault_window],
          aquarium_window_1, aquarium_window_1, aquarium_view_2c,
          aquarium_balcony_3a, aquarium_pool_side
D:11:     layout_roguey, portal_ice_cave_entry_ice_simulacra, bh_walls_and_bars
D:12:     layout_roguey, minmay_rotating_lava
D:13:     layout_basic, skrybe_vaults_entry_preservation, serial_corexii_hall,
          corexii_hall_statues_s, corexii_hall_statues_l,
          corexii_hall_statues_i, corexii_hall_statues_x,
          corexii_hall_statues_x, corexii_hall_statues_i,
          biasface_ghost_orc_armoury, gauntlet_entry_generic
D:14:     layout_loops_ring, trog_three_pillars_becter, minmay_holes,
          pdpol_wu_jian_five_deadly_venoms
Temple:   jpeg_temple_island
Lair:1:   layout_cave_pods, enter_volcano_3, nicolae_quartered_pool_impasse
Lair:2:   layout_gridlike, minmay_shoals_entry_centaurs, gammafunk_ghost_icy,
          serial_bayou_crossing, uniq_gastronok
Gauntlet: gammafunk_gauntlet_branching [nicolae_gauntlet_arena_t_cross,
          gammafunk_gauntlet_arena_split_x, gammafunk_gauntlet_arena_grid,
          nicolae_gauntlet_arena_grate_2, nicolae_gauntlet_arena_flowing_pool,
          gammafunk_gauntlet_arena_arrow_garden, nicolae_gauntlet_arena_blocks,
          gammafunk_gauntlet_arena_chambers, gauntlet_exit_hidden_loot]

Skill      XL: |  1  2  3  4  5  6  7  8  9 10 11 12 |
---------------+-------------------------------------+-----
Maces & Flails | 3 4 5 9 11 14 15 | 15.9
Fighting       | 4 5 8 10 | 10.0
Armour         | 1 3 5 |  5.0
Dodging        | 3 4 5 7 |  7.2
Throwing       | 2 5 9 10 | 10.0
Evocations     | 5 |  5.0
Stealth        | |  3.7

Action                   |  1- 3 |  4- 6 |  7- 9 | 10-12 || total
-------------------------+-------+-------+-------+-------++-------
Melee: Mace              |    65 |       |       |       ||    65
       Flail             |     1 |    68 |    17 |   192 ||   278
       Whip              |       |   123 |   218 |   248 ||   589
       Punch             |       |     3 |     4 |    10 ||    17
       Short sword       |       |       |     3 |       ||     3
Throw: Dart              |       |       |     9 |     3 ||    12
       Throwing net      |       |       |       |     2 ||     2
       Boomerang         |       |       |       |     1 ||     1
Evoke: Wand              |       |       |     1 |    33 ||    34
  Use: Scroll            |     5 |     5 |     3 |     8 ||    21
       Potion            |     2 |     1 |     1 |       ||     4
 Stab: Sleeping          |     1 |     2 |       |       ||     3
       Paralysed         |       |       |       |     8 ||     8
       Distracted        |       |       |       |     1 ||     1
Armor: Leather armour    |     8 |    26 |       |       ||    34
       Skin              |    32 |       |       |       ||    32
       Scale mail        |       |    39 |    93 |    21 ||   153
       Acid dragon scale |       |       |       |   129 ||   129
Dodge: Dodged            |    32 |    83 |    99 |   184 ||   398

Table legend: (Time is in decaauts)
 A = Elapsed time spent in this place.
 B = Non-inter-level travel time spent in this place.
 C = Inter-level travel time spent in this place.
 D = Time resting spent in this place.
 E = Time spent auto-exploring this place.
 F = Levels seen in this place.
 G = Mean time per level.
                   A        B        C        D        E       F      G
               +--------+--------+--------+--------+--------+-----+--------+
         Total |   7277 |   6876 |    401 |     13 |   3359 |  19 |  383.0 |
       Dungeon |   6678 |   6303 |    375 |     13 |   3242 |  14 |  477.0 |
        Temple |     72 |     72 |      0 |      0 |      0 |   1 |   72.0 |
          Lair |    101 |     75 |     26 |      0 |      0 |   2 |   50.5 |
       Volcano |    243 |    243 |      0 |      0 |     18 |   1 |  243.0 |
      Gauntlet |    181 |    181 |      0 |      0 |     99 |   1 |  181.0 |
               +--------+--------+--------+--------+--------+-----+--------+

Top non-repeatable levels by time:
     D:2: 1050 daAuts
     D:5: 810 daAuts
     D:6: 794 daAuts
     D:3: 759 daAuts
     D:9: 732 daAuts
     D:8: 662 daAuts
     D:1: 545 daAuts
    D:10: 350 daAuts
     D:7: 343 daAuts
 Volcano: 243 daAuts
    D:11: 234 daAuts
     D:4: 225 daAuts
Gauntlet: 181 daAuts
    D:13: 147 daAuts
  Lair:1: 99 daAuts
